 Dungeon Crawl Stone Soup version 0.30.0-11-gf55b779eaf (webtiles) character file.

Game seed: 16404489392303009360

49 booth the Conjurer (level 3, -4/28 HPs)
             Began as a Demonspawn Reaver on May 17, 2023.
             Slain by a mummy (16 damage)
             ... in an ossuary.
             The game lasted 00:07:34 (1218 turns).

booth the Conjurer (Demonspawn Reaver)              Turns: 1218, Time: 00:07:35

Health: -4/28      AC:  3    Str: 14    XL:     3   Next: 51%
Magic:  0/6        EV: 11    Int: 14    God:
Gold:   60         SH:  0    Dex: 11    Spells: 3/6 levels left

rFire   . . .        a - +0 hand axe
rCold   . . .        (no shield)
rNeg    . . .        b - +0 leather armour
rPois   .            (no helmet)
rElec   .            (no cloak)
rCorr   .            (no gloves)
SInv    .            (no boots)
Will    .....        e - amulet of guardian spirit
Stlth   +            (no ring)
HPRegen 0.24/turn    (no ring)
MPRegen 0.10/turn

%: guardian spirit
@: no status effects
A: foul stench 1
a: no special abilities


You were in an ossuary.
You visited 1 branch of the dungeon, and saw 3 of its levels.
You also visited: Ossuary.

You collected 60 gold pieces.

Inventory:

Hand Weapons
 a - a +0 hand axe (weapon)
 d - a +0 mace
Armour
 b - a +0 leather armour (worn)
Jewellery
 e - an amulet of guardian spirit (around neck)
Scrolls
 h - a scroll of silence {unknown}
 i - a scroll of vulnerability {unknown}
Potions
 c - 3 potions of mutation {unknown}
 f - a potion of haste {unknown}
 g - a potion of curing {unknown}


   Skills:
 + Level 2.4 Fighting
 + Level 3.0 Axes
 + Level 2.2 Dodging
 + Level 2.3 Spellcasting
 + Level 3.3 Conjurations
 + Level 0.1 Necromancy
 + Level 0.0 Translocations


You had 3 spell levels left.
You knew the following spells:

 Your Spells              Type           Power      Damage    Failure   Level
a - Kiss of Death         Conj/Necr      24%        2d7       14%         1
b - Momentum Strike       Conj/Tloc      12%        3d8       22%         2

Your spell library contained the following spells:

 Spells                   Type           Power      Damage    Failure   Level
 Necrotise                Necr           4%         1d4       28%         1
 Hailstorm                Conj/Ice       6%         3d4       41%         3
 Vampiric Draining        Necr           1%         2d6       63%         3
 Agony                    Necr           1%         N/A       100%        5


Dungeon Overview and Level Annotations

Branches:
Dungeon (2/15)            Ossuary (1/1)

Altars:


Innate Abilities, Weirdness & Mutations

You may rarely emit foul miasma when damaged in melee.


Message History

The endoplasm freezes you.
You are frozen.
You hit the endoplasm.
You kill the endoplasm!
A rat comes into view.
You now have 60 gold pieces (gained 8).
You closely miss the rat. The rat barely misses you.
You hit the rat.
You kill the rat!
You see here a rat corpse.
HP restored.
i - a scroll labelled NUYNISMIFA A sourceless malevolence fills the Dungeon...
You fall into a shaft and drop 2 floors!
The shaft crumbles and collapses.
You hear the hiss of flowing sand.
There is an entrance to an ossuary on this level.
Hurry and find it before the portal is buried!
Found 9 stones.
You open the door.
Found a sand-covered staircase.
There is an open door here.
Found 2 smoky red potions.
There is a sand-covered staircase here.
c - 3 smoky red potions (gained 2)
There is a sand-covered staircase here.
The world spins around you as you enter the gateway.
You enter an ossuary!
Found a gate leading back out of this place.
There is an empty arch of ancient stone here.
You hit the mummy.
The mummy is lightly damaged.
You hit the mummy. x2; The mummy hits you!!
Ouch! That really hurt!
The mummy hits you but does no damage. The mummy closely misses you.
You barely miss the mummy.
The mummy is lightly damaged.
You hit the mummy. You barely miss the mummy. The mummy barely misses you. x2
The mummy hits you!!
Ouch! That really hurt!
You die...

#
###########.#
##...........^
#..M..Z....^..
#.M@..∩.∩..^..
#..M..........
##......Z.....
###########.#
#


You could see 3 mummies, a hobgoblin zombie and a centaur zombie.

Vanquished Creatures
  2 adders (D:2)
  2 worms (D:2)
  A dart slug (D:1)
  4 endoplasms
  2 giant cockroaches (D:2)
  3 goblins (D:1)
  3 hobgoblins (D:1)
  A quokka (D:1)
  A kobold (D:1)
  2 rats (D:2)
21 creatures vanquished.

Notes
Turn   | Place    | Note
-------+----------+-------------------------------------------
     0 | D:1      | booth the Demonspawn Reaver began the quest for the Orb.
     0 | D:1      | Reached XP level 1. HP: 16/16 MP: 3/3
   263 | D:1      | Gained mutation: You may rarely emit foul miasma when
                  | damaged in melee. [demonic ancestry]
   263 | D:1      | Reached XP level 2. HP: 4/22 MP: 0/5
   524 | D:1      | Learned a level 2 spell: Momentum Strike
   866 | D:2      | Reached XP level 3. HP: 22/28 MP: 3/6
  1198 | D:2      | You fall into a shaft and drop 2 floors!
  1202 | D:4      | Found a sand-covered staircase.
  1213 | Ossuary  | Entered an ossuary
  1218 | Ossuary  | Slain by a mummy

Illustrated notes

Levels and vault maps discovered:
D:1:      dpeg_arrival_central, layout_rooms, minmay_pentomino_t4
D:2:      layout_rooms, shapermc_ecumenical_altar_mp_ritualfount
D:4:      minmay_angry_zag, layout_rooms, nicolae_ossuary_entry_plus,
          uniq_blork_the_orc
Ossuary:  ossuary_the_hunt_dpeg

Skill      XL: |  1  2 |
---------------+-------+-----
Dodging        | 2 |  2.2
Axes           | 3 |  3.0
Fighting       | |  2.4
Spellcasting   | |  2.3
Conjurations   | |  3.3
Necromancy     | |  0.1

Action                     || total
---------------------------++-------
  Melee: Hand axe          ||   111
         Punch             ||     2
    Use: Scroll            ||     2
         Potion            ||     1
 Armour: Leather armour    ||    28
  Dodge: Dodged            ||    58
